 Dungeon Crawl Stone Soup version 0.29.1-4-g47bece8355 (webtiles) character file.

Game seed: 6234317542722613353

79 concernfroge the Trooper (level 4, -4/39 HPs)
             Began as a Mummy Monk on Dec 4, 2022.
             Slain by a hobgoblin
             ... wielding a +2 mace of draining
             ... led by Robin
              (5 damage)
             ... on level 1 of the Dungeon.
             The game lasted 00:04:10 (2092 turns).

concernfroge the Trooper (Mummy Monk)               Turns: 2092, Time: 00:04:11

Health: -4/39      AC:  3    Str: 16    XL:     4   Next: 16%
Magic:  4/4        EV: 12    Int:  9    God:
Gold:   94         SH:  0    Dex: 14    Spells: 3/3 levels left

rFire   x . .      SeeInvis .   a - +0 spear
rCold   + . .      Faith    .   (no shield)
rNeg    + + +      Spirit   .   h - +0 leather armour
rPois   ∞          Reflect  .   (no helmet)
rElec   .          Harm     .   (no cloak)
rCorr   .          Rampage  .   (no gloves)
Will    .....                   (no boots)
Stlth   ++........              d - amulet of the acrobat
HPRegen 0.13/turn               (no ring)
MPRegen 0.09/turn               (no ring)

@: no status effects
A: cold resistance 1, negative energy resistance 3, torment resistance 2, heat
vulnerability 1, in touch with death 1, no potions
a: no special abilities


You were on level 1 of the Dungeon.
You visited 1 branch of the dungeon, and saw 2 of its levels.

You collected 94 gold pieces.

Inventory:

Hand Weapons
 a - a +0 spear (weapon)
Armour
 h - a +0 leather armour (worn)
Jewellery
 d - an amulet of the acrobat (around neck)
Scrolls
 e - 2 scrolls of identify


   Skills:
 + Level 5.0 Fighting
 - Level 2.4 Polearms
 - Level 2.4 Dodging
 - Level 1.5 Stealth


You had 3 spell levels left.
You didn't know any spells.
Your spell library was empty.

Dungeon Overview and Level Annotations

Branches:
Dungeon (2/15)

Altars:

Annotations:
D:2 Robin


Innate Abilities, Weirdness & Mutations

You are immune to poison.
Your flesh is cold resistant. (rC+)
You are immune to negative energy. (rN+++)
You are immune to unholy pain and torment.
You are vulnerable to heat. (rF-)
You are in touch with the powers of death.
You do not drink.


Message History

You kill the goblin!
No target in view!
HP restored.
Done exploring.
You climb downwards.
Level annotation: Robin The hobgoblin hits you with a +2 mace of draining!
The rat barely misses you.
There is a stone staircase leading up here.
The hobgoblin hits you with a +2 mace of draining.
The rat bites you but does no damage.
You climb upwards.
There is a stone staircase leading down here.
You hit the hobgoblin but do no damage. The rat bites you.
The hobgoblin hits you with a +2 mace of draining!
You are too injured to fight recklessly!
You are too injured to fight recklessly!
You are too injured to fight recklessly!
You are too injured to fight recklessly!
You barely miss the hobgoblin. The rat bites you.
The hobgoblin hits you with a +2 mace of draining!
* * * LOW HITPOINT WARNING * * *
You hit the hobgoblin.
The hobgoblin is almost dead.
The rat bites you but does no damage.
The hobgoblin hits you with a +2 mace of draining!
* * * LOW HITPOINT WARNING * * *
Press: ? - help, v - describe, . - travel, g - get item
Here: a hobgoblin, wielding a +2 mace of draining (almost dead)
Items here: a +0 club; a goblin corpse.
The floor.
As you read the scroll labelled TUFIOS HYSHREMO, it crumbles to dust.
It is a scroll of identify.
You don't have any unidentified items.
The rat bites you but does no damage. The hobgoblin closely misses you.
You hit the hobgoblin but do no damage.
The hobgoblin is almost dead.
The rat closely misses you.
The hobgoblin hits you with a +2 mace of draining.
You die...

#................##.
#......##.#########.
#####...#.# #.
###.#.# #. #.....#
#. ###.#.### ######
#...#.# #....#
#g###.#######....#
#@r...........)...
#####.###.###.....
#.............
#####.####.###
#.......#.#
#.#.###.#.#
######.#.....#.# #
#.........####.###
#.........#.†.....


You could see a hobgoblin and a rat.

Vanquished Creatures
  A gnoll (D:1)
  An adder (D:2)
  2 dart slugs (D:1)
  3 endoplasms
  2 giant cockroaches
  9 goblins
  7 hobgoblins
  5 quokkas
  2 ball pythons
  5 bats
  5 frilled lizards
  4 kobolds
  6 rats
52 creatures vanquished.

Notes
Turn   | Place    | Note
-------+----------+-------------------------------------------
     0 | D:1      | concernfroge the Mummy Monk began the quest for the Orb.
     0 | D:1      | Reached XP level 1. HP: 18/18 MP: 1/1
   134 | D:1      | Reached XP level 2. HP: 5/24 MP: 2/2
   887 | D:1      | Reached skill level 4 in Fighting
   887 | D:1      | Gained mutation: You are in touch with the powers of death.
                  | [Mummy growth]
   887 | D:1      | Reached XP level 3. HP: 26/30 MP: 3/3
  1869 | D:2      | Reached XP level 4. HP: 38/38 MP: 4/4
  1919 | D:2      | Noticed Robin
  1934 | D:2      | Reached skill level 5 in Fighting
  2090 | D:1      | HP: 1/39 [hobgoblin/+2 mace of draining[Robin] (7)]
  2092 | D:1      | Slain by a hobgoblin

Illustrated notes

Levels and vault maps discovered:
D:1:      mrwooster_arrival_arrow, layout_basic
D:2:      layout_loops_cross, chequers_serial_rivers_micro_c, uniq_robin

Skill      XL: |  1  2  3  4 |
---------------+-------------+-----
Fighting       | 4 5 |  5.0
Polearms       | |  2.4
Dodging        | |  2.4
Stealth        | |  1.5

Action                   |  1- 3 |  4- 6 || total
-------------------------+-------+-------++-------
Melee: Spear             |   173 |    36 ||   209
       Punch             |     1 |     1 ||     2
Throw: Dart              |     1 |     3 ||     4
  Use: Scroll            |       |     4 ||     4
 Stab: Sleeping          |     7 |       ||     7
Armor: Robe              |    14 |       ||    14
       Leather armour    |       |    16 ||    16
Dodge: Dodged            |    81 |    31 ||   112
